 Dungeon Crawl Stone Soup version 0.31-a0-854-g362426d53f (webtiles) character file.

Game seed: 10046680044039865759

36 Shayle the Stinger (level 3, 24/26 HPs)
             Began as a Demonspawn Venom Mage on Oct 8, 2023.
             Quit the game on level 1 of the Dungeon.
             The game lasted 00:02:45 (974 turns).

Shayle the Stinger (Demonspawn Venom Mage)           Turns: 974, Time: 00:02:46

Health: 24/26      AC:  3    Str:  8    XL:     3   Next: 19%
Magic:  6/6        EV: 12    Int: 18    God:
Gold:   32         SH:  0    Dex: 13    Spells: 6/7 levels left

rFire   . . .        (no weapon)
rCold   . . .        (no shield)
rNeg    . . .        a - +0 robe
rPois   .            (no helmet)
rElec   .            (no cloak)
rCorr   .            (no gloves)
SInv    .            j - +0 pair of boots
Will    .....        (no amulet)
Stlth   ++           (no ring)
HPRegen 0.24/turn    (no ring)
MPRegen 0.10/turn

%: no passive effects
@: no status effects
A: claws 1, demonic guardian 1
a: no special abilities


You were on level 1 of the Dungeon.
You visited 1 branch of the dungeon, and saw 1 of its levels.

You collected 32 gold pieces.

Inventory:

Armour
 a - a +0 robe (worn)
 j - a +0 pair of boots (worn)
Jewellery
 e - a ring of protection from cold
 f - a +6 ring of dexterity
 h - a ring of flight
Scrolls
 c - 2 scrolls of identify {unknown}
Potions
 b - a potion of magic
 d - a potion of might {unknown}
 g - 2 potions of curing {unknown}
 i - a potion of lignification {unknown}


   Skills:
 + Level 1.5 Fighting
 + Level 1.2 Armour
 - Level 1.7 Dodging
 - Level 1.7 Stealth
 + Level 2.5 Spellcasting
 - Level 0.8 Transmutations
 - Level 3.0 Poison Magic


You had 6 spell levels left.
You knew the following spells:

 Your Spells              Type           Power      Damage    Failure   Level
a - Sting                 Tmut/Pois      36%        1d4       8%          1

Your spell library contained the following spells:

 Spells                   Type           Power      Damage    Failure   Level
 Poisonous Vapours        Pois/Air       14%        N/A       14%         2
 Static Discharge         Conj/Air       4%         2-3/arc   26%         2
 Mephitic Cloud           Conj/Pois/Air  5%         N/A       34%         3
 Olgreb's Toxic Radiance  Pois           13%        N/A       45%         4
 Airstrike                Air            1%         2d(1-17)  86%         4
 Summon Lightning Spire   Summ/Air       2%         N/A       86%         4


Dungeon Overview and Level Annotations

Branches:
Dungeon (1/15)

Altars:


Innate Abilities, Weirdness & Mutations

You have sharp fingernails.
A weak demonic guardian rushes to your aid.


Message History

The endoplasm misses you.
You scratch the endoplasm.
The endoplasm is severely wounded.
The endoplasm hits you.
* * * LOW HITPOINT WARNING * * *
You scratch the endoplasm but do no damage.
The endoplasm is severely wounded.
The endoplasm freezes you.
You are frozen.
* * * LOW HITPOINT WARNING * * *
A demonic guardian appears!
You scratch the endoplasm.
You kill the endoplasm!
You see here a +0 pair of boots.
j - a +0 pair of boots You start putting on your armour.
You continue putting on your +0 pair of boots. x4
You finish putting on your +0 pair of boots.
You start resting.
Your iron imp disappears in a puff of smoke!
Magic restored.
You start resting.
HP restored.
A kobold comes into view. It is wielding a +0 short sword.
The helpless kobold fails to defend itself.
You scratch the kobold.
The kobold is severely wounded.
The kobold hits you with a +0 short sword.
A demonic guardian appears!
You closely miss the kobold.
The kobold is severely wounded.
The kobold barely misses you.
You completely miss the kobold.
The kobold is severely wounded.
The kobold hits you but does no damage.
You scratch the kobold.
You kill the kobold!
Things that are here:
a +0 short sword; a kobold corpse Are you sure you want to abandon this character and quit the game? (Confirm with "yes".)

#........#.#.#
#..##
#.###..#.#.#.#
#.#.. #.#
##.#.#.#.#
#..#. #.#
##.#.#.#.#
.....
#.###....#.#.#
##. #........#
# #.
#####...##
#.##.# ##5##
.. #@# #.# #.#
#.. #.# ###
#.# #.# #.. #
###


You could see a friendly iron imp (summoned).

Vanquished Creatures
  3 bats (D:1)
  6 endoplasms (D:1)
  A giant cockroach (D:1)
  3 hobgoblins (D:1)
  2 jackals (D:1)
  4 kobolds (D:1)
  2 quokkas (D:1)
  5 ball pythons (D:1)
  3 frilled lizards (D:1)
  A rat (D:1)
30 creatures vanquished.

Notes
Turn   | Place    | Note
-------+----------+-------------------------------------------
     0 | D:1      | Shayle the Demonspawn Venom Mage began the quest for the
                  | Orb.
     0 | D:1      | Reached XP level 1. HP: 13/13 MP: 3/3
   173 | D:1      | Gained mutation: You have sharp fingernails. [demonic
                  | ancestry]
   173 | D:1      | Reached XP level 2. HP: 20/20 MP: 0/5
   271 | D:1      | Reached skill level 1 in Fighting
   457 | D:1      | Reached skill level 1 in Armour
   835 | D:1      | Gained mutation: A weak demonic guardian rushes to your
                  | aid. [demonic ancestry]
   835 | D:1      | Reached XP level 3. HP: 25/26 MP: 4/6
   974 | D:1      | Quit the game

Illustrated notes

Levels and vault maps discovered:
D:1:      lightli_arrival_boilingwater, layout_loops_ring, st_stairs_14,
          minmay_misc_feat_nine_boxes, dk_noncrumbling_3

Skill      XL: |  1  2 |
---------------+-------+-----
Fighting       | 1 |  1.5
Armour         | 1 |  1.2
Dodging        | |  1.7
Stealth        | |  1.7
Spellcasting   | |  2.5
Transmutations | |  0.8
Poison Magic   | |  3.0

Action                     || total
---------------------------++-------
  Melee: Unarmed           ||    46
   Cast: Sting             ||    34
   Stab: Sleeping          ||     1
 Armour: Robe              ||    29
  Dodge: Dodged            ||    29

Table legend: (Time is in decaauts)
 A = Elapsed time spent in this place.
 B = Non-inter-level travel time spent in this place.
 C = Inter-level travel time spent in this place.
 D = Time resting spent in this place.
 E = Time spent auto-exploring this place.
 F = Levels seen in this place.
 G = Mean time per level.
                   A        B        C        D        E       F      G
               +--------+--------+--------+--------+--------+-----+--------+
         Total |    977 |    977 |      0 |    179 |    544 |   1 |  977.0 |
       Dungeon |    977 |    977 |      0 |    179 |    544 |   1 |  977.0 |
               +--------+--------+--------+--------+--------+-----+--------+

Top non-repeatable levels by time:
     D:1: 977 daAuts
